 Dungeon Crawl Stone Soup version 0.20-a0-1109-ge3cd172 (webtiles) character file.

1467 Patate the Archer (level 8, -2/112 HPs)
             Began as a Centaur Hunter on May 4, 2017.
             Was an Initiate of Okawaru.
             Killed from afar by an orc wizard (6 damage)
             ... with a magic dart
             ... on level 6 of the Dungeon on May 5, 2017.
             The game lasted 00:25:57 (10051 turns).

Patate the Archer (Centaur Hunter)                 Turns: 10051, Time: 00:25:58

Health: -2/112     AC:  5    Str: 20    XL:     8   Next: 48%
Magic:  8/8        EV: 10    Int: 10    God:    Okawaru [......]
Gold:   188        SH:  3    Dex: 12    Spells: 7/7 levels left

rFire    . . .     SeeInvis .   b - +0 short sword
rCold    . . .     Gourm    .   (no shield)
rNeg     + . .     Faith    .   c - +1 leather armour
rPois    .         Spirit   .   (no helmet)
rElec    .         Reflect  +   (no cloak)
rCorr    .         Harm     .   (no gloves)
MR       .....                  (no barding)
Stlth    ..........             l - +3 amulet of reflection
Regen    0.3/turn               r - ring of positive energy
MPRegen  0.2/turn               (no ring)

@: berserking, slowed, very quick
A: hooves 3, deformed body, speed 2, tough skin 3
a: Renounce Religion


You were on level 6 of the Dungeon.
You worshipped Okawaru.
Okawaru was noncommittal.
You were not hungry.

You visited 2 branches of the dungeon, and saw 7 of its levels.

You collected 188 gold pieces.

Inventory:

Hand Weapons
 a - a +2 shortbow
 b - a +0 short sword (weapon)
Armour
 c - a +1 leather armour (worn)
Jewellery
 l - a +3 amulet of reflection (around neck)
 r - a ring of positive energy (left hand)
Wands
 d - a wand of random effects (13/48)
 m - a wand of flame (37/48)
Scrolls
 e - 2 scrolls of amnesia {unknown}
 h - 4 scrolls of identify
 i - 3 scrolls of enchant weapon
 s - a scroll of magic mapping {unknown}
 t - a scroll of recharging {unknown}
 u - a scroll of fog {unknown}
 v - a scroll of random uselessness {unknown}
Potions
 j - a potion of agility {unknown}
 k - a potion of lignification
 n - 2 potions of haste
 q - a potion of curing {unknown}
 w - 2 potions of might {unknown}
Comestibles
 f - 3 bread rations
 g - a meat ration
 o - 4 fruits


   Skills:
 * Level 8.7 Fighting
 + Level 9.3 Bows
 - Level 2.2 Dodging
 - Level 0.4 Stealth


You had 7 spell levels left.
You didn't know any spells.

Dungeon Overview and Level Annotations

Branches:
Dungeon (6/15)             Temple (1/1) D:5

Altars:
Ashenzari
Cheibriados
Dithmenos
Elyvilon
Fedhas
Hepliaklqana
Kikubaaqudgha
Makhleb
Nemelex Xobeh
Okawaru
Qazlal
Ru
Sif Muna
Trog
Uskayaw
Vehumet
Wu Jian
Xom
Yredelemnul
Zin
The Shining One


Innate Abilities, Weirdness & Mutations

You have hooves in place of feet.
Armour fits poorly on your strangely shaped body.
You cover ground very quickly.
You have extremely tough skin. (AC +3)


Message History

The magic dart hits you!
* * * LOW HITPOINT WARNING * * *
Things that are here:
a short sword; an orc corpse It was a potion of berserk rage.
A red film seems to cover your vision as you go berserk!
You feel yourself moving faster!
You feel mighty! The orc wizard barely misses you.
The orc wizard casts a spell at you. The magic dart hits you!
* * * LOW HITPOINT WARNING * * *
The orc wizard barely misses you.
You hit the orc wizard. Your kick misses the orc wizard.
The orc wizard is moderately wounded.
The orc wizard casts a spell.
The orc wizard blinks!
You are too berserk!
The orc wizard gestures at you while chanting.
The magic dart hits you!
You die...

#####..######
+...........#
######>####.#
#.####.# #.#....#
#.#.#### #.#.#
#.#.###########.#
#.#....))@.o..(.#
###############


You could see an orc wizard.

Vanquished Creatures
  The ghost of Conn321 the Thaumaturge, an amateur DEFE (D:4)
  Eustachio (D:4)
  A sky beast (D:6)
  3 ogres
  A bullfrog (D:6)
  A scorpion (D:4)
  A howler monkey (D:4)
  A crimson imp (D:4)
  2 orc priests
  A jelly (D:6)
  3 hounds
  A bullfrog skeleton (D:5)
  An iguana (D:5)
  An orc wizard (D:6)
  7 worker ants
  A hound zombie (D:5)
  13 adders
  2 oozes
  An adder skeleton (D:5)
  2 adder zombies (D:5)
  2 worms
  5 leopard geckos
  5 orcs
  3 giant cockroaches
  7 goblins
  6 hobgoblins
  4 jackals (D:2)
  3 quokkas
  A ball python (D:2)
  4 bats
  5 frilled lizards
  2 jackal skeletons
  3 kobolds
  A quokka skeleton (D:5)
  A quokka zombie (D:5)
  6 rats
103 creatures vanquished.

Notes
Turn   | Place    | Note
-------+----------+-------------------------------------------
     0 | D:1      | Patate the Centaur Hunter began the quest for the Orb.
     0 | D:1      | Reached XP level 1. HP: 17/17 MP: 1/1
   180 | D:1      | Reached XP level 2. HP: 18/25 MP: 2/2
  1057 | D:2      | Found an iron altar of Okawaru.
  1063 | D:2      | Reached XP level 3. HP: 31/31 MP: 3/3
  1300 | D:2      | Found a basalt altar of Yredelemnul.
  1431 | D:2      | Found a white marble altar of Elyvilon.
  2181 | D:3      | Reached XP level 4. HP: 38/38 MP: 4/4
  2272 | D:3      | Reached skill level 6 in Bows
  3490 | D:4      | Reached XP level 5. HP: 43/46 MP: 5/5
  3860 | D:4      | Noticed an ogre
  3891 | D:3      | Killed an ogre
  4005 | D:3      | Reached XP level 6. HP: 52/55 MP: 6/6
  4110 | D:4      | HP: 3/82 [poisoned by a scorpion]
  4113 | D:4      | Reached skill level 5 in Fighting
  4649 | D:4      | Reached skill level 7 in Bows
  4786 | D:4      | Noticed Eustachio
  4909 | D:4      | Killed Eustachio
  4989 | D:3      | Reached XP level 7. HP: 25/63 MP: 7/7
  5205 | D:3      | Upgraded the game from 0.20-a0-1089-g3fde505 to 0.20-a0-1109-ge3cd172
  5912 | D:4      | Noticed Conn321's ghost (amateur DEFE)
  5932 | D:4      | Killed Conn321's ghost
  5932 | D:4      | Reached skill level 8 in Bows
  6298 | D:5      | Entered Level 5 of the Dungeon
  6441 | D:5      | Found a stormy altar of Qazlal.
  7027 | D:5      | Reached XP level 8. HP: 41/74 MP: 8/8
  7647 | D:5      | Found a sparkling altar of Nemelex Xobeh.
  7939 | D:2      | Became a worshipper of Warmaster Okawaru
  8054 | D:5      | Found a staircase to the Ecumenical Temple.
  8381 | D:5      | HP: 3/74 [poisoned by a worker ant]
  8386 | D:5      | HP: 2/74 [poisoned by a worker ant]
  8393 | D:5      | HP: 2/74 [poisoned by a worker ant]
  8401 | D:5      | HP: 2/74 [poisoned by a worker ant]
  8748 | Temple   | Entered the Ecumenical Temple
  9335 | D:6      | Reached skill level 9 in Bows
 10049 | D:6      | HP: 4/112 [orc wizard/magic dart (6)]
 10051 | D:6      | Killed from afar by an orc wizard

Vault maps used:
D:1:      matt_arrival_grand_opening, serial_glass, glass_columns_c,
          glass_columns_c, glass_columns_b, glass_columns_a, glass_columns_a,
          glass_columns_b
D:2:      kennysheep_ying_yang, okawaru_trees_2
D:3:      hangedman_glass_teeth
D:4:      first_bread, uniq_eustachio
D:5:      lemuel_round_altar, minmay_temple_entry_statues_fountains,
          nemelex_dance_club_becter
D:6:      uniq_grinder
Temple:   dpeg_five_rooms_temple

Skill      XL: |  1  2  3  4  5  6  7  8 |
---------------+-------------------------+-----
Fighting       | 3 4 6 7 8 |  8.7
Bows           | 6 7 8 9 |  9.3
Dodging        | 2 |  2.2
Stealth        | |  0.4

Action                   |  1- 3 |  4- 6 |  7- 9 || total
-------------------------+-------+-------+-------++-------
Melee: Short sword       |    89 |   127 |   321 ||   537
       Kick              |    14 |    24 |    94 ||   132
 Fire: Shortbow          |    44 |    52 |    36 ||   132
  Use: Potion            |       |     3 |     1 ||     4
       Scroll            |       |       |     5 ||     5
  Eat: Chunk             |     3 |     6 |     5 ||    14
       Royal jelly       |       |     1 |       ||     1
       Meat ration       |       |       |     1 ||     1
       Fruit             |       |       |     2 ||     2
       Bread ration      |       |       |     1 ||     1
Armor: Leather armour    |    45 |    42 |    94 ||   181
       Skin              |       |     7 |       ||     7
Dodge: Dodged            |    43 |    91 |   126 ||   260
Block: Other             |    11 |    15 |    28 ||    54
